 Dungeon Crawl Stone Soup version 0.29.1-12-g30fa7ad0bf (webtiles) character file.

Game seed: 13835254090314600422

20 Radix the Sneak (level 3, -2/22 HPs)
             Began as a Kobold Brigand on Jan 16, 2023.
             Engulfed by a cloud of flame (24 damage)
             ... on level 1 of the Dungeon.
             The game lasted 00:04:50 (950 turns).

Radix the Sneak (Kobold Brigand)                     Turns: 950, Time: 00:04:51

Health: -2/22      AC:  3    Str:  8    XL:     3   Next: 0%
Magic:  3/3        EV: 14    Int: 12    God:
Gold:   9          SH:  0    Dex: 18    Spells: 2/2 levels left

rFire   . . .      SeeInvis .   f - +2 dagger (venom)
rCold   . . .      Faith    .   (no shield)
rNeg    . . .      Spirit   .   b - +0 robe
rPois   .          Reflect  .   (no helmet)
rElec   .          Harm     .   c - +0 cloak
rCorr   .          Rampage  .   (no gloves)
Will    .....                   (no boots)
Stlth   ++++......              (no amulet)
HPRegen 0.07/turn               (no ring)
MPRegen 0.08/turn               (no ring)

@: no status effects
A: small, no large weapons, nightstalker 3
a: no special abilities


You were on level 1 of the Dungeon.
You visited 1 branch of the dungeon, and saw 1 of its levels.

You collected 9 gold pieces.

Inventory:

Hand Weapons
 a - a +2 dagger
 f - a +2 dagger of venom (weapon)
Missiles
 d - 9 poisoned darts (quivered)
 e - 3 curare-tipped darts
Armour
 b - a +0 robe (worn)
 c - a +0 cloak (worn)
Scrolls
 g - a scroll of poison {unknown}


   Skills:
 + Level 2.5 Fighting
 + Level 3.1 Short Blades
 + Level 2.5 Throwing
 + Level 1.7 Dodging
 + Level 5.5 Stealth


You had 2 spell levels left.
You didn't know any spells.
Your spell library was empty.

Dungeon Overview and Level Annotations

Branches:
Dungeon (1/15)

Altars:


Innate Abilities, Weirdness & Mutations

You are small and have problems with some larger weapons.
You are completely attuned to the shadows.


Message History

Ouch! That really hurt!
* * * LOW HITPOINT WARNING * * *
You start resting.
HP restored.
Found 2 stones.
Found a stone staircase leading down.
A kobold comes into view. It is wielding a +0 club.
You see here 2 stones.
A kobold comes into view. It is wielding a +0 short sword.
You see here 2 stones.
The kobold shouts!
The kobold barely misses you.
You closely miss the kobold. The kobold misses you.
The kobold shouts!
You hit the kobold.
The kobold is poisoned.
The kobold is moderately wounded.
You kill the kobold!
The kobold hits you with a +0 short sword.
Things that are here:
a +0 club; a stone; a kobold corpse You hit the kobold.
The kobold is severely wounded.
The kobold hits you with a +0 short sword.
You hit the kobold but do no damage.
The kobold is poisoned.
The kobold is severely wounded.
You hit the kobold.
You kill the kobold!
You have reached level 3!
Your experience leads to an increase in your attributes!
Increase (S)trength, (I)ntelligence, or (D)exterity?
You feel agile. x2
Things that are here:
a +0 short sword; a stone; a kobold corpse You see here a +2 dagger of draining.
Really walk into a travel-excluded area?
Found 12 gold pieces.
Really walk into that cloud of flame?
Found an orange potion.
You are engulfed in blazing flames.
Ouch! That really hurt!
You die...

########### ##.........##
#...######).## #☼☼.#
##..## #### #§○§#
##..###..# #§§@# ##.......
#####...###### ####....
##.§☼§.....○○§.### #....
#..§....$$..○°...# #....
#†..§§..!?..§○.#.#####....
#.# .#####.....##..(. #.#
#.....##>... #.# §.§#
#.....##.... #.# #.§§#
#.....###...


There were no monsters in sight!

Vanquished Creatures
  A dart slug (D:1)
  2 ball pythons (D:1)
  A giant cockroach (D:1)
  A goblin (D:1)
  A hobgoblin (D:1)
  4 jackals (D:1)
  4 kobolds (D:1)
  A bat (D:1)
  A frilled lizard (D:1)
16 creatures vanquished.

Vanquished Creatures (others)
  A quokka (D:1)
1 creature vanquished.

Grand Total: 17 creatures vanquished

Notes
Turn   | Place    | Note
-------+----------+-------------------------------------------
     0 | D:1      | Radix the Kobold Brigand began the quest for the Orb.
     0 | D:1      | Reached XP level 1. HP: 12/12 MP: 1/1
   264 | D:1      | Reached XP level 2. HP: 18/18 MP: 2/2
   873 | D:1      | Reached XP level 3. HP: 18/22 MP: 3/3
   950 | D:1      | Engulfed by a cloud of flame

Illustrated notes

Levels and vault maps discovered:
D:1:      noname_arrival_rooms_in_the_neighbourhood, layout_rooms,
          lemuel_flame_loot_1

Skill      XL: |  1  2 |
---------------+-------+-----
Short Blades   | 3 |  3.1
Fighting       | |  2.5
Throwing       | |  2.5
Dodging        | |  1.7
Stealth        | |  5.5

Action                   || total
-------------------------++-------
Melee: Dagger            ||    47
 Stab: Sleeping          ||     1
Armor: Robe              ||     9
Dodge: Dodged            ||    31
